 Dungeon Crawl Stone Soup version 0.28.0-53-g5a82cb258f (webtiles) character file.

Game seed: 14547215267424416530

575226 Peloso the Minotaur Barricade (level 25, -5/257 HPs)
             Began as a Minotaur Fighter on June 18, 2022.
             Was a High Priest of Okawaru.
             Killed by divine providence
             ... invoked by a smoke demon
              (14 damage)
             ... on level 13 of a ziggurat.
             The game lasted 03:10:39 (83906 turns).

Peloso the Minotaur Barricade (Minotaur Fighter)   Turns: 83906, Time: 03:10:41

Health: -5/257     AC: 44    Str: 34      XL:     25   Next: 76%
Magic:  13/27      EV: 20    Int:  4 (5)  God:    Okawaru [*****.]
Gold:   7112       SH: 19    Dex: 20      Spells: 24/24 levels left

rFire   . . .      SeeInvis +   a - +9 double sword (spect)
rCold   + + .      Faith    .   e - +2 buckler "Vaebod" {*Slow Slay+4}
rNeg    + . .      Spirit   .   H - +10 plate armour of the Komodo Dragon {rC+ Will+}
rPois   +          Reflect  +   V - +0 hat of the Arcane {rN+ Dex+3 SInv}
rElec   .          Harm     .   o - +2 cloak "Lehonuaw" {rPois rC+}
rCorr   +          Rampage  .   m - +3 pair of gauntlets of War {Slay+5}
Will    +++..                   z - +1 pair of boots {Fly}
Stlth   ..........              p - amulet of reflection
HPRegen 0.52/turn               J - ring of resist corrosion
MPRegen 0.20/turn               i - ring "Koqiet Feno" {Drain Will+ Str+6 Dex+2 Stlth-}

@: heroic, flying, studying 4 skills
A: horns 2, retaliatory headbutt
}: 3/15 runes: barnacled, silver, gossamer
a: Renounce Religion, Heroism, Finesse, Duel


You were on level 13 of a ziggurat.
You worshipped Okawaru.
Okawaru was extremely pleased with you.
You visited 9 branches of the dungeon, and saw 46 of its levels.
You visited 1 bazaar.
You visited 1 ziggurat, and saw 13 of its levels.
You also visited: Gauntlet.

You collected 9613 gold pieces.
You spent 2501 gold pieces at shops.

Inventory:

Hand Weapons
 a - a +9 spectral double sword (weapon)
 b - a +3 demon blade of flaming
 c - the +6 falchion "Zuanyill" {holy, rElec Dex+3 Stlth+}
   (You found it on level 3 of the Elven Halls)

   It has been blessed by the Shining One to cause great damage to the undead
   and demons.
   Dex:       It affects your dexterity (+3).
   rElec:     It insulates you from electricity.
   Stlth:     It makes you more stealthy.
Armour
 e - the +2 buckler "Vaebod" (worn) {*Slow Slay+4}
   (Okawaru gifted it to you on level 1 of the Lair of Beasts)

   Slay:      It affects your accuracy & damage with ranged weapons and melee
   (+4).
   *Slow:     It may slow you when you take damage.
 j - the +9 plate armour "Vexa" {Rampage rCorr Slay+2 Stlth-}
   (You found it on level 3 of a ziggurat)

   Slay:      It affects your accuracy & damage with ranged weapons and melee
   (+2).
   rCorr:     It protects you from acid and corrosion.
   Rampage:   It bestows one free step when moving towards enemies.
   Stlth:     It makes you less stealthy.
 m - the +3 pair of gauntlets of War (worn) {Slay+5}
   (You acquired it on level 3 of the Lair of Beasts)

   Slay:      It affects your accuracy & damage with ranged weapons and melee
   (+5).
 o - the +2 cloak "Lehonuaw" (worn) {rPois rC+}
   (You found it in a Gauntlet)

   rC:        It protects you from cold.
   rPois:     It protects you from poison.
 z - a +1 pair of boots of flying (worn)
 H - the +10 plate armour of the Komodo Dragon (worn) {rC+ Will+}
   (Okawaru gifted it to you on level 3 of the Elven Halls)

   rC:        It protects you from cold.
   Will:      It increases your willpower.
 P - a +1 pair of boots of stealth
 V - the +0 hat of the Arcane (worn) {rN+ Dex+3 SInv}
   (You found it on level 4 of the Spider Nest)

   Dex:       It affects your dexterity (+3).
   rN:        It protects you from negative energy.
   SInv:      It lets you see invisible.
Jewellery
 i - the ring "Koqiet Feno" (right hand) {Drain Will+ Str+6 Dex+2 Stlth-}
   (You found it in a Gauntlet)

   [ring of willpower]

   Str:       It affects your strength (+6).
   Dex:       It affects your dexterity (+2).
   Drain:     It drains your maximum health when unequipped.
   Will:      It increases your willpower.
   Stlth:     It makes you less stealthy.
 p - an amulet of reflection (around neck)
 v - a ring of magical power
 y - a ring of protection from cold
 A - a ring of see invisible
 E - a +6 ring of dexterity
 F - an amulet of regeneration
 G - a ring of flight
 I - a +6 ring of intelligence
 J - a ring of resist corrosion (left hand)
 S - the ring "Ifeuw" {rF++ rN+ Int+2 Dex+3}
   (You found it on level 3 of the Crypt)

   [ring of positive energy]

   Int:       It affects your intelligence (+2).
   Dex:       It affects your dexterity (+3).
   rF:        It greatly protects you from fire.
   rN:        It protects you from negative energy.
Wands
 l - a wand of polymorph (3)
Scrolls
 f - 2 scrolls of amnesia
 h - 20 scrolls of teleportation
 k - 5 scrolls of noise
 n - 6 scrolls of enchant armour
 q - 18 scrolls of blinking
 r - 8 scrolls of fog
 t - 2 scrolls of holy word
 B - 4 scrolls of magic mapping
 C - 12 scrolls of immolation
 D - 2 scrolls of enchant weapon
 R - a scroll of acquirement
 Z - 6 scrolls of fear
Potions
 d - 9 potions of might
 g - 9 potions of haste
 s - 5 potions of heal wounds
 u - 12 potions of curing
 w - 8 potions of mutation
 M - 3 potions of berserk rage
 T - 2 potions of invisibility
 W - 6 potions of resistance
Miscellaneous
 x - a box of beasts


   Skills:
 O Level 27 Fighting
 + Level 2.2(21.8) Short Blades
 O Level 27 Long Blades
 + Level 0.5(6.0) Axes
 + Level 0.8(6.2) Maces & Flails
 + Level 0.5(6.0) Polearms
 + Level 0.8(6.2) Staves
 + Level 0.4(5.6) Slings
 + Level 1.2(6.2) Bows
 + Level 0.4(5.4) Crossbows
 + Level 0.4(5.5) Throwing
 + Level 22.7(27) Armour
 + Level 11.3(16.3) Dodging
 + Level 5.0(10.0) Stealth
 O Level 27 Shields
 + Level 0.6(5.6) Unarmed Combat
 + Level 0.3 Spellcasting
 + Level 0.2 Conjurations
 + Level 0.2 Hexes
 + Level 0.2 Summonings
 + Level 0.2 Necromancy
 + Level 0.3 Translocations
 + Level 0.5 Transmutations
 + Level 0.3 Fire Magic
 + Level 0.3 Ice Magic
 + Level 0.2 Air Magic
 + Level 0.2 Earth Magic
 + Level 0.2 Poison Magic
 + Level 6.9 Invocations
 + Level 2.7 Evocations


You had 24 spell levels left.
You didn't know any spells.
Your spell library contained the following spells:

 Spells                   Type           Power      Damage    Failure   Level
 Beastly Appendage        Tmut           0%         N/A       73%         1
 Apportation              Tloc           0%         N/A       75%         1
 Freeze                   Ice            0%         1d3       75%         1
 Foxfire                  Conj/Fire      0%         2x1d4     77%         1
 Magic Dart               Conj           0%         1d3       77%         1
 Pain                     Necr           0%         1d4       77%         1
 Sandblast                Erth           0%         2d4       77%         1
 Slow                     Hex            0%         N/A       77%         1
 Passwall                 Tmut/Erth      0%         N/A       86%         2
 Wereblood                Tmut           0%         N/A       86%         2
 Blink                    Tloc           0%         N/A       87%         2
 Corpse Rot               Necr/Air       0%         N/A       88%         2
 Ensorcelled Hibernation  Hex/Ice        0%         N/A       88%         2
 Poisonous Vapours        Pois/Air       0%         N/A       88%         2
 Static Discharge         Conj/Air       0%         N/A       88%         2
 Confusing Touch          Hex            0%         N/A       98%         3
 Conjure Flame            Conj/Fire      0%         6-21      98%         3
 Dazzling Flash           Conj/Hex       0%         N/A       98%         3
 Frozen Ramparts          Ice            0%         1d2       98%         3
 Gell's Gravitas          Tloc           0%         N/A       98%         3
 Ignite Poison            Fire/Tmut/Pois 0%         N/A       98%         3
 Lesser Beckoning         Tloc           0%         N/A       98%         3
 Mephitic Cloud           Conj/Pois/Air  0%         N/A       98%         3
 Ozocubu's Armour         Ice            0%         N/A       98%         3
 Portal Projectile        Hex/Tloc       0%         N/A       98%         3
 Spider Form              Tmut/Pois      0%         N/A       98%         3
 Stone Arrow              Conj/Erth      0%         3d7       98%         3
 Swiftness                Air            0%         N/A       98%         3
 Teleport Other           Tloc           0%         N/A       98%         3
 Vampiric Draining        Necr           0%         2d6       98%         3
 Airstrike                Air            0%         N/A       100%        4
 Anguish                  Hex/Necr       0%         N/A       100%        4
 Cause Fear               Hex            0%         N/A       100%        4
 Dispel Undead            Necr           0%         3d6       100%        4
 Fulminant Prism          Conj/Hex       0%         3d6       100%        4
 Hailstorm                Conj/Ice       0%         3d3       100%        4
 Ice Form                 Ice/Tmut       0%         N/A       100%        4
 Iskenderun's Mystic Bla  Conj/Tloc      0%         2d3       100%        4
 Leda's Liquefaction      Hex/Erth       0%         N/A       100%        4
 Olgreb's Toxic Radiance  Pois           0%         N/A       100%        4
 Sticky Flame             Conj/Fire      0%         2d3       100%        4
 Agony                    Necr           0%         N/A       100%        5
 Alistair's Intoxication  Tmut/Pois      0%         N/A       100%        5
 Blade Hands              Tmut           0%         N/A       100%        5
 Borgnjor's Vile Clutch   Necr/Erth      0%         N/A       100%        5
 Excruciating Wounds      Necr           0%         N/A       100%        5
 Fireball                 Conj/Fire      0%         3d3       100%        5
 Freezing Cloud           Conj/Ice/Air   0%         6-21      100%        5
 Iskenderun's Battlesphe  Conj           0%         2d6       100%        5
 Lee's Rapid Deconstruct  Erth           0%         3d5*      100%        5
 Lightning Bolt           Conj/Air       0%         1d11      100%        5
 Manifold Assault         Tloc           0%         N/A       100%        5
 Metabolic Englaciation   Hex/Ice        0%         N/A       100%        5
 Silence                  Hex/Air        0%         N/A       100%        5
 Yara's Violent Unravell  Hex/Tmut       0%         3d3       100%        5
 Conjure Ball Lightning   Conj/Air       0%         3x3d6     100%        6
 Dispersal                Tloc           0%         N/A       100%        6
 Eringya's Noxious Bog    Tmut/Pois      0%         N/A       100%        6
 Statue Form              Tmut/Erth      0%         N/A       100%        6
 Dragon Form              Tmut           0%         N/A       100%        7
 Enfeeble                 Hex            0%         N/A       100%        7
 Orb of Destruction       Conj           0%         9d5       100%        7
 Ozocubu's Refrigeration  Ice            0%         4d5       100%        7
 Storm Form               Tmut/Air       0%         N/A       100%        7
 Discord                  Hex            0%         N/A       100%        8
 Disjunction              Tloc           0%         N/A       100%        8
 Lehudib's Crystal Spear  Conj/Erth      0%         10d2      100%        8
 Maxwell's Capacitive Co  Air            0%         ∞         100%        8
 Polar Vortex             Ice            0%         N/A       100%        9
 Call Imp                 Summ           Unusable   N/A       N/A         2
 Call Canine Familiar     Summ           Unusable   N/A       N/A         3
 Tukima's Dance           Hex            Unusable   N/A       N/A         3
 Animate Dead             Necr           Unusable   N/A       N/A         4
 Summon Ice Beast         Ice/Summ       Unusable   N/A       N/A         4
 Summon Lightning Spire   Summ/Air       Unusable   N/A       N/A         4
 Death Channel            Necr           Unusable   N/A       N/A         6
 Simulacrum               Ice/Necr       Unusable   N/A       N/A         6
 Summon Hydra             Summ           Unusable   N/A       N/A         7
 Dragon's Call            Summ           Unusable   N/A       N/A         9

Dungeon Overview and Level Annotations

Branches:
Dungeon (15/15)            Temple (0/1) D:4            Lair (6/6) D:11
 Shoals (4/4) Lair:4       Spider (4/4) Lair:3        Slime (0/5) Lair:5
    Orc (2/2) D:11            Elf (3/3) Orc:2        Vaults (5/5) D:14
  Crypt (3/3) Vaults:3       Tomb (0/3) Crypt:3      Depths (4/4) D:15
    Zot (0/5) Depths:4    Gauntlet (visited)

Altars:
Ashenzari
Cheibriados
Dithmenos
Gozag
Okawaru
Qazlal
Ru
Trog
Vehumet
Wu Jian
Zin
Beogh
Lugonu

Shops:
D:6 *?   Orc:1 *   Orc:2 !??*(((   Shoals:1 *   Vaults:1 *   Vaults:4 *
Depths:2 !**(   Depths:3 =:=   Depths:4 :

Portals:
Hell: Depths:1 Depths:2 Depths:3 Depths:4
Abyss: Depths:3
Pandemonium: Depths:2

Annotations:
Lair:3 Casa
Lair:5 2 transporters, Ornithology's ghost, journeyman TeAE
Shoals:1 Roxanne
Elf:2 3 runed translucent doors


Innate Abilities, Weirdness & Mutations

You have a pair of horns on your head.
You reflexively headbutt those who attack you in melee.


Message History

The starcursed mass touches you but does no damage.
You block the red draconian's attack. The reaper hits you but does no damage.
Unknown command.
You slash the revenant! You headbutt the revenant!
The revenant is moderately damaged.
Your +9 spectral double sword hits the revenant!!
The revenant hits your +9 spectral double sword.
Your spectral weapon shares its damage with you!
* * * LOW HITPOINT WARNING * * *
The starcursed mass touches you but does no damage.
The smoke demon gestures at you. Something smites you!
* * * LOW HITPOINT WARNING * * *
A cacophony of accursed wailing tears at your sanity!
* * * LOW HITPOINT WARNING * * *
You suddenly lose the ability to move!
A starcursed mass splits.
The red draconian breathes fire at you. The searing blast hits you.
* * * LOW HITPOINT WARNING * * *
The reaper hits you but does no damage.
The glowing orange brain blinks!
The revenant hits you but does no damage.
The neqoxec gestures at you.
Something tries to feed on your intellect!
The blink frog blinks!
The red draconian breathes fire at you. The searing blast hits you!!
* * * LOW HITPOINT WARNING * * *
A necromancer comes into view. It is wielding a +0 dagger.
The reaper hits you but does no damage.
The revenant hits you but does no damage.
The starcursed mass touches you but does no damage.
You can move again.
A starcursed mass splits.
The red draconian barely misses you.
The glowing orange brain pulsates.
You resist with almost no effort. You block the reaper's attack.
The blink frog blinks!
The smoke demon gestures at you. Something smites you!
You die...

▓▓..............
▓▓.......G.......
▓.∩......3.3.X.p.
▓▓......XhXvXXx..


▓▓..§XXXXXXXXX4. ▓▓..###2XtWX### ▓▓X#P#X2XXX#P# ▓▓###zX32X### ▓▓§@)dXXXX.▓
▓▓▓▓▓▓▓▓▓▓▓ You could see 23 starcursed masses, a red draconian (catching
breath), a tentacled starspawn, a revenant (summoned), a lorocyproca
(invisible), a reaper, a spatial maelstrom, a green death, a glowing orange
brain, an apocalypse crab, 3 large abominations, a freezing wraith (summoned), a
necromancer, 2 smoke demons, a raiju, a neqoxec, a chaos spawn and a small
abomination.

Vanquished Creatures
  2 dread liches
  3 ancient liches
  Mara (Shoals:4)
  Mennas (Depths:3)
  A royal mummy (Zig:5)
  4 juggernauts
  Sojobo (Vaults:3)
  Boris (Crypt:1)
  Bai Suzhen (Spider:4)
  A curse toe (Crypt:3)
  6 caustic shrikes
  Nikola (Spider:4)
  2 golden dragons
  2 bone dragons
  A doom hound (Zig:4)
  An iron giant (Zig:9)
  2 Hell Sentinels (Zig:9)
  A tainted leviathan (Zig:4)
  A tentacled monstrosity (Vaults:5)
  Asterion (Elf:3)
  2 walking earthen tomes (Depths:3)
  Mlioglotl (Shoals:1)
  3 quicksilver dragons
  2 deep elf blademasters
  5 titans
  4 liches
  A walking frostbound tome (Depths:4)
  A deep elf master archer (Elf:3)
  10 ancient champions
  2 tentacled starspawn (Zig:13)
  7 acid blobs (Zig:12)
  6 shadow dragons
  A kraken (Shoals:2)
  4 sphinxes
  3 storm dragons
  3 draconian monks
  8 tengu reavers
  A revenant (Crypt:1)
  Ilsuiw (Shoals:3)
  3 iron dragons
  3 azure jellies
  5 emperor scorpions (Spider:4)
  12 frost giants
  10 fire giants
  4 ghost moths
  10 deep elf sorcerers
  A draconian knight (Zig:8)
  2 draconian scorchers (Zig:8)
  Aizul (Spider:2)
  3 orc warlords
  4 deep elf elementalists
  A draconian shifter (Depths:4)
  Louise (Shoals:1)
  10 vault wardens
  A curse skull (Crypt:3)
  10 ghouls
  2 draconian stormcallers (Zig:8)
  A juggernaut zombie (Crypt:2)
  7 spriggan defenders
  28 very ugly things
  16 stone giants
  17 ironbound preservers
  A caustic shrike skeleton (Crypt:3)
  A broodmother (Spider:3)
  4 war gargoyles
  8 ironbound thunderhulks
  3 green draconians
  An entropy weaver (shapeshifter) (Zig:10)
  6 vampire knights
  7 deep elf demonologists
  9 deep elf annihilators
  An eleionoma (Zig:7)
  A red draconian (Depths:4)
  A putrid mouth (Zig:4)
  A purple draconian (Depths:4)
  2 bunyips (Zig:7)
  4 dire elephants
  6 entropy weavers
  3 yellow draconians
  A minotaur (Gauntlet)
  15 spark wasps
  An iron golem (Arena)
  A blizzard demon (Depths:2)
  8 deep elf death magi
  6 eidola
  8 fire dragons
  4 merfolk javelineers
  10 ettins
  5 merfolk impalers
  Snorg (D:14)
  4 deep elf high priests
  18 jiangshi
  11 yaktaur captains
  8 great orbs of eyes
  6 ice dragons
  The ghost of Jafot the Fighter, a journeyman DsFi of Gozag (Lair:2)
  27 vault guards
  Erolcha (D:11)
  4 rakshasas
  12 hydras
  2 spriggan air magi
  5 boulder beetles
  A merfolk aquamancer (Shoals:4)
  4 ironbound frosthearts
  15 centaur warriors
  2 alligator snapping turtles
  A satyr (Shoals:4)
  2 jorogumos
  A salamander tyrant (Zig:2)
  11 dancing weapons
  9 deep troll shamans
  A tengu warrior (Depths:3)
  13 two-headed ogres
  A two-headed ogre (shapeshifter) (Zig:10)
  3 ogre magi
  A merfolk avatar (Lair:6)
  A catoblepas (Zig:6)
  6 deep troll earth magi
  A titan zombie (Crypt:2)
  4 spriggan berserkers
  7 vampire magi
  A death yak (Zig:6)
  Urug (D:13)
  An orc high priest (Orc:2)
  A death scarab (Zig:5)
  12 spriggans
  Nergalle (D:11)
  12 hell knights
  Sonja (D:13)
  A soul eater (Crypt:1)
  11 deep elf knights
  4 shadow wraiths
  A titan skeleton (Crypt:2)
  7 iron trolls
  A wretched star (Zig:13)
  A goliath frog (Zig:7)
  A spriggan druid (Zig:7)
  An anaconda zombie (Crypt:3)
  33 skeletal warriors
  2 sun moths (Spider:4)
  2 pharaoh ants
  8 orb spiders
  18 sea snakes
  A bunyip zombie (Crypt:3)
  A spark wasp zombie (Crypt:1)
  A death drake (shapeshifter) (Vaults:5)
  70 deep trolls
  9 deep elf archers
  A bunyip skeleton (Crypt:2)
  5 flayed ghosts
  3 steelbarb worms
  6 glowing orange brains
  A naga ritualist (Zig:2)
  An orange crystal statue (Zig:2)
  A bog body (Crypt:2)
  4 necromancers
  An obsidian statue (Zig:2)
  10 wizards
  14 phantasmal warriors
  Pikel (D:8)
  An anaconda skeleton (Crypt:3)
  An iron giant skeleton (Crypt:3)
  18 deep elf pyromancers
  14 ironbound convokers
  A lindwurm (shapeshifter) (D:15)
  6 harpies
  46 ugly things
  4 orc knights
  9 lindwurms
  A stone giant zombie (Crypt:2)
  22 deep elf zephyrmancers
  A wolf spider zombie (Crypt:2)
  A shining eye (Zig:12)
  An eleionoma zombie (Crypt:1)
  3 will-o-the-wisps (Zig:7)
  8 cyclopes
  13 wolf spiders
  16 manticores
  13 fauns
  A moth of wrath (shapeshifter) (Vaults:4)
  5 orc sorcerers
  2 salamanders (Depths:2)
  A worldbinder (Gauntlet)
  2 elephants
  4 moths of wrath
  4 black mambas
  An apocalypse crab (Gauntlet)
  2 ice statues (Zig:2)
  5 merfolk sirens
  A naga mage (Zig:2)
  A cane toad (shapeshifter) (D:14)
  A fire giant skeleton (Crypt:1)
  A centaur zombie (D:10)
  2 dire elephant skeletons (Crypt:2)
  11 vault sentinels
  An eye of devastation (Zig:12)
  A gargoyle (Zig:9)
  11 torpor snails
  5 water nymphs
  A hellion (Zig:4)
  14 cane toads
  A pale draconian zombie (Crypt:2)
  An elf skeleton (Vaults:3)
  3 unseen horrors
  A minotaur zombie (Crypt:2)
  6 rime drakes
  An orange demon (Depths:2)
  3 demonic crawlers
  4 freezing wraiths
  3 guardian mummies
  3 kobold demonologists (D:14)
  A centaur skeleton (Crypt:3)
  8 komodo dragons
  2 tengu conjurers
  30 yaktaurs
  An ice devil (Zig:13)
  2 efreet (D:14)
  23 merfolk
  An iron troll skeleton (Crypt:1)
  12 meliai
  A burning bush (Lair:5)
  5 red devils
  A shadow dragon simulacrum (Vaults:3)
  A harpy zombie (Crypt:2)
  15 trolls
  Grinder (D:3)
  6 wind drakes
  2 polar bears
  An ettin zombie (Crypt:2)
  18 hornets
  8 snapping turtles
  A raiju (Spider:4)
  46 slime creatures
  21 tarantellas
  12 blink frogs
  A dream sheep (shapeshifter) (Depths:3)
  A jumping spider zombie (Crypt:2)
  A meliai zombie (D:10)
  A fire dragon zombie (Crypt:2)
  20 jumping spiders
  3 dream sheep (Shoals:2)
  2 ynoxinuls (Depths:2)
  49 yaks
  A jumping spider (shapeshifter) (D:13)
  An air elemental (Elf:2)
  7 wyverns
  15 flying skulls
  21 culicivoras
  14 water elementals
  5 wraiths
  A shadow (D:13)
  An alligator skeleton (Crypt:2)
  An ushabti (Zig:5)
  A yak (shapeshifter) (D:14)
  A vampire (D:14)
  6 basilisks
  Grum (D:11)
  49 redbacks
  A golden eye (Zig:12)
  A golden eye (shapeshifter) (D:15)
  6 fire elementals
  A redback (shapeshifter) (Vaults:5)
  2 steam dragons (Lair:6)
  7 wargs
  7 hydra simulacra (Depths:2)
  2 acid dragons
  A floating eye (Depths:2)
  20 water moccasins
  A hornet zombie (D:8)
  3 black bears
  22 orc warriors
  An ice beast (D:7)
  2 sky beasts
  A deep troll simulacrum (Vaults:3)
  28 ogres
  7 wolves
  9 boggarts
  7 necrophages
  4 centaurs
  A manticore skeleton (Crypt:3)
  A blink frog skeleton (Crypt:1)
  3 kobold brigands
  An earth elemental (Zig:9)
  13 bullfrogs
  A gnoll sergeant (D:13)
  2 scorpions
  A komodo dragon skeleton (Crypt:3)
  3 killer bees (D:9)
  2 howler monkeys
  9 electric eels
  2 starcursed masses (Zig:13)
  A bullfrog zombie (D:7)
  2 hounds
  A human zombie (Crypt:1)
  12 orc priests
  A jelly (D:6)
  A basilisk skeleton (Crypt:1)
  A black bear skeleton (Crypt:1)
  Terence (D:2)
  3 gnoll shamans
  3 iguanas
  11 orc wizards
  6 small abominations
  A killer bee zombie (D:3)
  A sky beast zombie (Crypt:2)
  A hound skeleton (D:5)
  17 mummies
  Robin (D:2)
  28 gnolls
  2 howler monkey skeletons
  7 adders
  A halfling zombie (Crypt:3)
  3 dart slugs
  A worm (D:2)
  49 orcs
  4 endoplasms
  5 giant cockroaches
  16 goblins
  8 hobgoblins
  5 jackals (D:1)
  7 quokkas
  9 ball pythons
  5 bats
  4 frilled lizards
  A frilled lizard zombie (Crypt:2)
  A goblin skeleton (Crypt:1)
  21 kobolds
  6 rats
  A rat skeleton (Crypt:3)
  A spectral hobgoblin (D:1)
  A fungus (Lair:3)
  A starspawn tentacle (Zig:13)
  2 tentacles (Shoals:2)
1933 creatures vanquished.

Vanquished Creatures (others)
  A rakshasa (Zig:13)
  A wizard (Vaults:4)
  A manticore (Lair:6)
  A flying skull (Crypt:2)
  An orc warrior (Zig:11)
  An ogre (Zig:11)
  A boggart (Vaults:1)
  A centaur (D:9)
  3 demonic plants (D:14)
  23 foxfires (Zig:7)
  22 fungi
  54 plants
  10 starspawn tentacles (Zig:13)
  3 tentacles (Shoals:2)
123 creatures vanquished.

Grand Total: 2056 creatures vanquished

Notes
Turn   | Place    | Note
-------+----------+-------------------------------------------
     0 | D:1      | Peloso the Minotaur Fighter began the quest for the Orb.
     0 | D:1      | Reached XP level 1. HP: 19/19 MP: 0/0
    50 | D:1      | Reached XP level 2. HP: 13/27 MP: 1/1
   433 | D:1      | Reached XP level 3. HP: 30/33 MP: 2/2
   719 | D:1      | Found a faded altar of an unknown god.
  1127 | D:2      | Noticed Robin
  1141 | D:2      | Killed Robin
  1142 | D:2      | Reached skill level 1 in Dodging
  1144 | D:2      | Reached XP level 4. HP: 29/40 MP: 3/3
  1230 | D:2      | Noticed Terence
  1241 | D:2      | Killed Terence
  2193 | D:3      | Reached XP level 5. HP: 42/46 MP: 4/4
  2356 | D:3      | Reached skill level 5 in Armour
  2572 | D:3      | HP: 2/46 [poisoned by a kobold]
  2939 | D:3      | Noticed Grinder
  2955 | D:3      | Paralysed by Grinder for 2 turns
  2964 | D:3      | Killed Grinder
  2965 | D:3      | Reached skill level 5 in Long Blades
  2965 | D:3      | Reached skill level 5 in Shields
  2965 | D:3      | Reached XP level 6. HP: 33/53 MP: 5/5
  3527 | D:3      | Reached skill level 1 in Stealth
  3527 | D:3      | Reached XP level 7. HP: 59/60 MP: 6/6
  3842 | D:4      | Found the +6 arbalest "Damnation" {damnation}
  3904 | D:4      | Found an iron altar of Okawaru.
  4021 | D:4      | Became a worshipper of Warmaster Okawaru
  4073 | D:4      | Found a staircase to the Ecumenical Temple.
  4155 | D:4      | Reached skill level 5 in Fighting
  4913 | D:5      | Entered Level 5 of the Dungeon
  5319 | D:5      | Found a radiant altar of Vehumet.
  5319 | D:5      | Found a broken altar of Ashenzari.
  5320 | D:5      | Found a glowing silver altar of Zin.
  5863 | D:5      | Reached XP level 8. HP: 69/69 MP: 7/7
  6299 | D:6      | Reached * piety under Okawaru
  6982 | D:6      | Found Miumpe's Assorted Antiques.
  7005 | D:6      | Bought a scroll labelled COCLITSALA for 24 gold pieces
  7030 | D:6      | Found Petesk's Magic Scroll Shop.
  7036 | D:6      | Bought a scroll of identify for 28 gold pieces
  7036 | D:6      | Bought a scroll of identify for 28 gold pieces
  7482 | D:7      | Reached ** piety under Okawaru
  7571 | D:7      | Noticed a hornet
  7587 | D:7      | Paralysed by a hornet for 2 turns
  7595 | D:7      | Killed a hornet
  7596 | D:7      | Reached XP level 9. HP: 24/78 MP: 5/8
  8201 | D:8      | Noticed a two-headed ogre
  8213 | D:8      | Killed a two-headed ogre
  8541 | D:8      | Noticed Pikel
  8565 | D:8      | Killed Pikel
  8998 | D:8      | Identified the +1 ring mail of the Lime {rElec Str+2 Dex+3}
  9131 | D:8      | Reached *** piety under Okawaru
  9439 | D:8      | Found a shadowy altar of Dithmenos.
  9649 | D:9      | Found a sacrificial altar of Ru.
  9685 | D:9      | Reached skill level 10 in Long Blades
  9822 | D:9      | Reached XP level 10. HP: 5/86 MP: 9/9
 10250 | D:9      | Noticed a two-headed ogre
 10260 | D:9      | Killed a two-headed ogre
 10261 | D:9      | Reached skill level 1 in Invocations
 10261 | D:9      | Reached skill level 1 in Evocations
 10519 | D:9      | Identified the +0 robe "Atob" {Harm rElec Str+2}
 10574 | D:9      | Identified the +3 leather armour "Yzoqac" {Str+4 Slay+3}
 10711 | D:10     | Entered Level 10 of the Dungeon
 11837 | D:10     | Reached skill level 10 in Armour
 12265 | D:10     | Identified a scroll of acquirement
 12320 | D:11     | Noticed an elephant
 12321 | D:11     | Noticed a green ugly thing
 12338 | D:11     | Killed an elephant
 12340 | D:11     | Reached **** piety under Okawaru
 12348 | D:11     | Found a staircase to the Lair.
 12739 | D:11     | Noticed Nergalle
 12750 | D:11     | Killed Nergalle
 12838 | D:11     | Killed a green ugly thing
 12970 | D:11     | Noticed Erolcha
 12980 | D:11     | Killed Erolcha
 12980 | D:11     | Reached ***** piety under Okawaru
 12981 | D:11     | Reached XP level 11. HP: 97/97 MP: 11/11
 13099 | D:11     | Found a staircase to the Orcish Mines.
 13145 | D:11     | Noticed Grum
 13168 | D:11     | Killed Grum
 13417 | D:11     | Noticed a two-headed ogre
 13431 | D:11     | Killed a two-headed ogre
 13936 | D:12     | Noticed a skeletal warrior
 13936 | D:12     | Noticed a skeletal warrior
 13936 | D:12     | Noticed a skeletal warrior
 14024 | Lair:1   | Entered Level 1 of the Lair of Beasts
 14136 | Lair:1   | Reached skill level 10 in Shields
 14170 | Lair:1   | Noticed a six-headed hydra
 14383 | Lair:1   | Killed a six-headed hydra
 15144 | Lair:1   | Identified the +2 buckler "Vaebod" {*Slow Slay+4} (Okawaru
                  | gifted it to you on level 1 of the Lair of Beasts)
 15144 | Lair:1   | Received a gift from Okawaru
 15891 | Lair:2   | Reached skill level 10 in Fighting
 16188 | Lair:2   | Noticed Jafot's ghost (journeyman DsFi)
 16192 | Lair:2   | Found a runed translucent door.
 16286 | Lair:2   | Reached XP level 12. HP: 100/106 MP: 12/12
 16573 | Lair:2   | Noticed a four-headed hydra
 16583 | Lair:2   | Killed a four-headed hydra
 17219 | Lair:2   | Reached skill level 1 in Short Blades
 19282 | Lair:3   | Found a hole to the Spider Nest.
 19419 | Lair:3   | Noticed a boulder beetle
 19433 | Lair:3   | Killed a boulder beetle
 19433 | Lair:3   | Received a gift from Okawaru
 19488 | Lair:3   | Noticed a six-headed hydra
 19498 | Lair:3   | Killed a six-headed hydra
 19866 | Lair:3   | Found a snail-covered altar of Cheibriados.
 20236 | Orc:1    | Entered Level 1 of the Orcish Mines
 20236 | Orc:1    | Found a bloodstained altar of Trog.
 20697 | Orc:1    | Found Lyeke's Assorted Antiques.
 20827 | Orc:2    | Entered Level 2 of the Orcish Mines
 20828 | Orc:2    | Found Eddekeg's Antique Weapon Shop.
 20847 | Orc:2    | Found Susedur's Weapon Shop.
 20865 | Orc:2    | Reached XP level 13. HP: 111/114 MP: 13/13
 20945 | Orc:2    | Found Soecoups's Antique Weapon Emporium.
 20982 | Orc:2    | Reached skill level 5 in Dodging
 21315 | Orc:2    | Found Molic's Assorted Antiques.
 21316 | Orc:2    | Found Plog's Magic Scroll Boutique.
 21319 | Orc:2    | Noticed an ettin
 21364 | Orc:1    | Killed an ettin
 21850 | Orc:2    | Received a gift from Okawaru
 22797 | Orc:2    | Found a staircase to the Elven Halls.
 22798 | Orc:2    | Paralysed by an ogre mage for 3 turns
 22837 | Orc:2    | HP: 1/118 [two-headed ogre/+0 giant club (19)]
 23686 | Orc:2    | Paralysed by an orc sorcerer for 4 turns
 24034 | Orc:2    | Bought a scroll labelled COCLITSALA for 32 gold pieces
 24036 | Orc:2    | Found Ywifof's Magic Scroll Emporium.
 24037 | Orc:2    | Found Meepehio's Distillery.
 24050 | Orc:2    | Bought a potion of mutation for 112 gold pieces
 24050 | Orc:2    | Bought a potion of might for 56 gold pieces
 24471 | D:6      | Bought a scroll of acquirement for 728 gold pieces
 25047 | D:12     | Identified the +5 chain mail of a ziggurat {rPois Regen+
                  | MP+9 Int-2} (Okawaru gifted it to you on level 12 of the
                  | Dungeon)
 25047 | D:12     | Received a gift from Okawaru
 25214 | D:12     | Reached skill level 15 in Long Blades
 25647 | D:12     | Reached XP level 14. HP: 120/127 MP: 15/15
 26548 | Lair:4   | Found a staircase to the Shoals.
 26758 | Lair:4   | Reached skill level 15 in Shields
 28082 | Lair:5   | Found a staircase to the Slime Pits.
 28442 | Lair:5   | Found a transporter.
 28442 | Lair:5   | Found a transporter.
 28443 | Lair:5   | Noticed Ornithology's ghost (journeyman TeAE)
 28792 | Lair:6   | Entered Level 6 of the Lair of Beasts
 28813 | Lair:6   | Reached skill level 15 in Armour
 28825 | Lair:5   | Reached ****** piety under Okawaru
 29268 | Lair:6   | Identified the +7 triple sword of Okawaru's Anger {protect,
                  | rC+} (Okawaru gifted it to you on level 6 of the Lair of
                  | Beasts)
 29268 | Lair:6   | Received a gift from Okawaru
 29898 | Lair:6   | Identified the +9 chain mail "Cef Duwa" {Harm Rampage rElec
                  | rC-}
 30468 | D:13     | Noticed Urug
 30468 | D:13     | Found a gate leading to a gauntlet.
 30488 | Gauntlet | Entered a Gauntlet
 30488 | Gauntlet | Found a transporter.
 30488 | Gauntlet | Found a transporter.
 30490 | Gauntlet | Found a transporter.
 30490 | Gauntlet | Found a transporter.
 30494 | Gauntlet | Found a transporter.
 30494 | Gauntlet | Found a transporter.
 30523 | Gauntlet | Found a runed translucent door.
 30527 | Gauntlet | Found a runed translucent door.
 30532 | Gauntlet | Found a transporter.
 30536 | Gauntlet | Found a transporter.
 30550 | Gauntlet | Found a transporter.
 30563 | Gauntlet | Found a transporter.
 30581 | Gauntlet | Found a transporter.
 30581 | Gauntlet | Found a transporter.
 30715 | Gauntlet | Identified the ring "Koqiet Feno" {Drain Will+ Str+6 Dex+2
                  | Stlth-}
 30806 | Gauntlet | Identified the +2 cloak "Lehonuaw" {rPois rC+}
 30928 | D:13     | Killed Urug
 30989 | D:13     | Noticed Sonja
 30995 | D:13     | Killed Sonja
 31180 | D:13     | Received a gift from Okawaru
 31533 | Orc:2    | Bought a scroll of brand weapon for 240 gold pieces
 31733 | D:14     | Noticed Snorg
 31743 | D:14     | Killed Snorg
 31799 | D:14     | Reached XP level 15. HP: 98/136 MP: 16/16
 31925 | D:14     | Found a corrupted altar of Lugonu.
 32190 | D:14     | Found a gate to the Vaults.
 32486 | D:15     | Entered Level 15 of the Dungeon
 32498 | D:15     | Received a gift from Okawaru
 32728 | D:14     | Identified the +5 plate armour "Mykkiq" {Rampage rPois rC+
                  | Int+4} (Okawaru gifted it to you on level 14 of the
                  | Dungeon)
 32728 | D:14     | Received a gift from Okawaru
 32805 | D:15     | Found a staircase to the Depths.
 32805 | D:15     | Paralysed by a great orb of eyes for 2 turns
 33839 | Lair:3   | Acquired the +3 pair of gauntlets of War {Slay+5}
 33839 | Lair:3   | Found the +3 pair of gauntlets of War {Slay+5}
 33940 | Spider:1 | Entered Level 1 of the Spider Nest
 35232 | Spider:2 | Identified the +1 cloak of Kaebety {Harm rElec SInv}
                  | (Okawaru gifted it to you on level 2 of the Spider Nest)
 35232 | Spider:2 | Received a gift from Okawaru
 35557 | Spider:2 | Noticed Aizul
 35567 | Spider:2 | Killed Aizul
 36229 | Shoals:1 | Entered Level 1 of the Shoals
 36247 | Shoals:1 | Noticed Roxanne
 36248 | Shoals:1 | Noticed Mlioglotl
 36266 | Shoals:1 | Killed Mlioglotl
 36311 | Shoals:1 | Reached skill level 15 in Fighting
 36339 | Shoals:1 | Reached XP level 16. HP: 149/149 MP: 17/17
 36351 | Shoals:1 | Found Jaopoihiph's General Store.
 36493 | Shoals:1 | Noticed Louise
 36506 | Shoals:1 | Killed Louise
 37057 | Shoals:2 | Noticed a kraken
 37076 | Shoals:2 | Killed a kraken
 37671 | Shoals:2 | Received a gift from Okawaru
 39079 | Spider:3 | Acquired 422 gold pieces
 39108 | Spider:4 | Entered Level 4 of the Spider Nest
 39122 | Spider:4 | Received a gift from Okawaru
 39853 | Spider:4 | Noticed Nikola
 39877 | Spider:4 | Killed Nikola
 39992 | Spider:4 | Noticed Bai Suzhen
 40017 | Spider:4 | Killed Bai Suzhen
 40165 | Spider:4 | Reached XP level 17. HP: 159/159 MP: 18/18
 40367 | Spider:4 | Received a gift from Okawaru
 40715 | Spider:4 | Identified the +0 hat of the Arcane {rN+ Dex+3 SInv}
 40758 | Spider:4 | Got a gossamer rune of Zot
 41276 | Shoals:3 | Noticed Ilsuiw
 41289 | Shoals:3 | Killed Ilsuiw
 41929 | Shoals:2 | Identified the +1 plate armour of Cizek {*Slow Regen+
                  | Dex+3}
 41973 | Shoals:4 | Entered Level 4 of the Shoals
 42612 | Shoals:4 | Identified the -4 hat of Servitude {rC- Will- Str+8 Int+9}
                  | (Okawaru gifted it to you on level 4 of the Shoals)
 42612 | Shoals:4 | Received a gift from Okawaru
 42752 | Shoals:4 | Noticed Mara
 42771 | Shoals:4 | Noticed Peloso's illusion
 42776 | Shoals:4 | Killed Mara
 43480 | Shoals:4 | Got a barnacled rune of Zot
 43816 | Elf:1    | Entered Level 1 of the Elven Halls
 43823 | Orc:2    | Acquired 338 gold pieces
 43838 | Orc:2    | Bought a scroll of blinking for 90 gold pieces
 43844 | Orc:2    | Bought a potion of heal wounds for 70 gold pieces
 43844 | Orc:2    | Bought a potion of heal wounds for 70 gold pieces
 43844 | Orc:2    | Bought a potion of heal wounds for 70 gold pieces
 43844 | Orc:2    | Bought a potion of mutation for 112 gold pieces
 44460 | Elf:1    | Identified the +0 chain mail "Riffiq" {rN+ rCorr Int+2
                  | Stlth-} (Okawaru gifted it to you on level 1 of the Elven
                  | Halls)
 44460 | Elf:1    | Received a gift from Okawaru
 44553 | Elf:1    | Got the Incunabulum of Confrontation
 44746 | Elf:1    | Reached XP level 18. HP: 119/171 MP: 19/19
 45600 | Elf:3    | Entered Level 3 of the Elven Halls
 45660 | Elf:3    | Found a flickering gateway to a bazaar.
 45669 | Bazaar   | Entered a bazaar
 45676 | Bazaar   | Found Fian's Book Boutique.
 45696 | Bazaar   | Found Riemai Pilu's General Store.
 45717 | Bazaar   | Found Ypinotto's Book Boutique.
 45737 | Bazaar   | Found Umeqoud's Antique Armour Shoppe.
 46224 | Elf:2    | Found a runed translucent gate.
 46225 | Elf:2    | Found a runed translucent gate.
 46225 | Elf:2    | Found a runed translucent gate.
 46515 | Elf:2    | Got the Catalogue of Envenoming and Calling
 47674 | Elf:3    | Paralysed by an air elemental for 1 turns
 47680 | Elf:2    | Paralysed by an air elemental for 1 turns
 48001 | Elf:3    | Noticed an Ice Fiend
 48714 | Elf:3    | Identified the +10 plate armour of the Komodo Dragon {rC+
                  | Will+} (Okawaru gifted it to you on level 3 of the Elven
                  | Halls)
 48714 | Elf:3    | Received a gift from Okawaru
 49008 | Elf:3    | Identified the +0 chain mail of the Elven Halls {+Inv rF-
                  | Will+++ Dex-2}
 49011 | Elf:3    | Identified the +6 falchion "Zuanyill" {holy, rElec Dex+3
                  | Stlth+}
 49018 | Elf:3    | Identified the ring "Ceugo" {EV+4 Str+3 Dex+4}
 49138 | Elf:3    | Identified the +3 mace of an ossuary {venom, rCorr SInv}
 49212 | Elf:3    | Noticed a Hell Sentinel
 49224 | Elf:3    | Identified the ring "Muehedo" {rF+ Slay+4}
 49229 | Elf:3    | Identified the ring of Wepiy {Wiz Fly rElec rPois Str-2}
 49567 | Elf:3    | Noticed Asterion
 49583 | Elf:3    | Killed Asterion
 50907 | Vaults:1 | Entered Level 1 of the Vaults
 51284 | Vaults:1 | Reached XP level 19. HP: 176/182 MP: 20/20
 51497 | Vaults:1 | Found Tafuvyat's General Store.
 52068 | Vaults:1 | Received a gift from Okawaru
 52886 | Vaults:2 | Received a gift from Okawaru
 53212 | Vaults:2 | Received a gift from Okawaru
 53614 | Vaults:2 | Received a gift from Okawaru
 53818 | Vaults:2 | Received a gift from Okawaru
 54809 | Vaults:3 | Noticed Sojobo
 54825 | Vaults:3 | Killed Sojobo
 54826 | Vaults:3 | Reached XP level 20. HP: 133/194 MP: 19/21
 55265 | Vaults:3 | Found a staircase to the Crypt.
 56095 | Vaults:4 | Received a gift from Okawaru
 56586 | Vaults:5 | Entered Level 5 of the Vaults
 57103 | Vaults:4 | Found Dais's Assorted Antiques.
 57114 | Vaults:4 | Bought a scroll of magic mapping for 87 gold pieces
 57114 | Vaults:4 | Bought a scroll of enchant armour for 187 gold pieces
 57139 | Vaults:4 | Identified the +8 arbalest of Poverty {flame, rC+}
 57591 | Vaults:4 | Received a gift from Okawaru
 59443 | Vaults:5 | Reached XP level 21. HP: 164/204 MP: 22/22
 59765 | Vaults:5 | Received a gift from Okawaru
 59863 | Vaults:5 | HP: 6/206 [sphinx (6)]
 59873 | Vaults:4 | HP: 4/206 [phantasmal warrior (21)]
 60538 | Vaults:5 | Noticed a golden dragon
 60805 | Vaults:5 | Killed a golden dragon
 61341 | Vaults:5 | Identified the +5 hand crossbow "Qeawiw" {penet, rPois rC+
                  | Int-4 SInv}
 61447 | Vaults:5 | Got the Catalogue of the Toxic Snowflakes
 61479 | Vaults:5 | Identified the ring of Bojyh {Fire +Blink rPois rN+ Will+}
 62472 | Vaults:5 | Received a gift from Okawaru
 62473 | Vaults:5 | Reached skill level 10 in Dodging
 62554 | Vaults:5 | Got a silver rune of Zot
 63031 | Depths:1 | Entered Level 1 of the Depths
 63040 | Depths:1 | Found a one-way gateway to a ziggurat.
 63052 | Depths:1 | Found a stormy altar of Qazlal.
 63136 | Depths:1 | Identified the +5 spear "Omusock" {pain, rC+ Str+2}
                  | (Okawaru gifted it to you on level 1 of the Depths)
 63136 | Depths:1 | Received a gift from Okawaru
 63513 | Depths:1 | Got Bila's Catalogue of Feathers
 63715 | Depths:1 | Found a gateway to Hell.
 63986 | Depths:1 | Acquired 1108 gold pieces
 65344 | Depths:2 | Noticed a golden dragon
 65367 | Depths:2 | Killed a golden dragon
 65376 | Depths:2 | Received a gift from Okawaru
 65652 | Depths:2 | Found Doluq's Distillery.
 65655 | Depths:2 | Found Jyhuh's Assorted Antiques.
 65655 | Depths:2 | Found Feunt's Assorted Antiques.
 65663 | Depths:2 | Found Jyerph's Antique Weapon Emporium.
 65677 | Depths:2 | Identified the +0 pair of gloves of Daffodils {*Slow Int+4
                  | Dex+4 Stlth+} (Okawaru gifted it to you on level 2 of the
                  | Depths)
 65677 | Depths:2 | Received a gift from Okawaru
 65712 | Depths:2 | Bought a slimy long sword for 357 gold pieces
 65712 | Depths:2 | Identified the +4 long sword of Doom {elec, rC+ Will- SInv
                  | Stlth+} (You bought it in a shop on level 2 of the Depths)
 65721 | Depths:2 | Bought a potion of heal wounds for 70 gold pieces
 65721 | Depths:2 | Bought a potion of heal wounds for 70 gold pieces
 65721 | Depths:2 | Bought a potion of heal wounds for 70 gold pieces
 65831 | Depths:2 | Reached XP level 22. HP: 217/217 MP: 24/24
 65999 | Depths:2 | Noticed a juggernaut
 66012 | Depths:2 | Killed a juggernaut
 66207 | Depths:2 | Found a one-way gate leading to the halls of Pandemonium.
 66738 | Depths:2 | Identified the +3 leather armour of Intercession {Regen+
                  | Str+6 Slay+3}
 66784 | Depths:2 | Acquired 454 gold pieces
 67535 | Depths:3 | Reached skill level 27 in Shields
 67671 | Depths:3 | Found a one-way gate to the infinite horrors of the Abyss.
 67770 | Depths:3 | Found an opulent altar of Gozag.
 67810 | Depths:3 | Noticed Mennas
 67828 | Depths:3 | Killed Mennas
 67925 | Depths:3 | Identified the +2 scimitar of Plog {drain, *Slow Str+5}
                  | (Okawaru gifted it to you on level 3 of the Depths)
 67925 | Depths:3 | Received a gift from Okawaru
 68575 | Depths:3 | Found Ezunill's Jewellery Emporium.
 68575 | Depths:3 | Found Pampeipn's Book Shop.
 68576 | Depths:3 | Found Qamont's Jewellery Emporium.
 69171 | Depths:3 | Identified the +1 pair of boots "Wamealam" {Harm rF- rN++
                  | Int+3}
 69694 | Depths:4 | Entered Level 4 of the Depths
 69703 | Depths:4 | Identified the +0 chain mail "Erib" {Str+2 Int+10} (Okawaru
                  | gifted it to you on level 4 of the Depths)
 69703 | Depths:4 | Received a gift from Okawaru
 70390 | Depths:4 | Found a gate to the Realm of Zot.
 70514 | Depths:4 | HP: 7/222 [spriggan defender/+4 rapier of electrocution
                  | (20)]
 70975 | Depths:4 | Found Gink's Book Shop.
 71087 | Depths:4 | Found an ornate altar of the Wu Jian Council.
 71278 | Depths:4 | Noticed a caustic shrike
 71278 | Depths:4 | Noticed a caustic shrike
 71290 | Depths:4 | Killed a caustic shrike
 71291 | Depths:4 | Reached XP level 23. HP: 229/229 MP: 25/25
 71297 | Depths:4 | Noticed a caustic shrike
 71298 | Depths:4 | Noticed a caustic shrike
 71308 | Depths:4 | Killed a caustic shrike
 71309 | Depths:4 | Noticed a caustic shrike
 71317 | Depths:4 | Killed a caustic shrike
 71666 | Depths:4 | Killed a caustic shrike
 71672 | Depths:4 | Killed a caustic shrike
 72195 | Crypt:1  | Entered Level 1 of the Crypt
 72197 | Crypt:1  | Noticed Boris
 72209 | Crypt:1  | Killed Boris
 73018 | Crypt:1  | Received a gift from Okawaru
 73168 | Crypt:1  | Identified the +1 ring mail "Damnable Contraption" {rCorr}
 74608 | Crypt:3  | Entered Level 3 of the Crypt
 75400 | Crypt:3  | Found a staircase to the Tomb.
 75754 | Crypt:3  | Identified the +5 hand crossbow of the Thirsty Hosts
                  | {venom, rC+ Will+ Int+6}
 76010 | Crypt:3  | Noticed a curse toe
 76320 | Crypt:3  | Killed a curse toe
 76674 | Crypt:3  | Noticed an ancient lich
 76674 | Crypt:3  | Noticed a dread lich
 76690 | Crypt:3  | Killed an ancient lich
 76690 | Crypt:3  | Received a gift from Okawaru
 76696 | Crypt:3  | Killed a dread lich
 76697 | Crypt:3  | Noticed an ancient lich
 76721 | Crypt:3  | Killed an ancient lich
 76722 | Crypt:3  | Reached XP level 24. HP: 191/245 MP: 25/25
 76743 | Crypt:3  | Identified the ring "Ifeuw" {rF++ rN+ Int+2 Dex+3}
 76743 | Crypt:3  | Identified the ring of Fuozxid {rN+ SInv}
 76743 | Crypt:3  | Identified the ring of Fun {rN+ Str+5}
 76747 | Crypt:3  | Identified the +3 hand axe "Teovy" {elec, Will++ Str-5
                  | Dex+5}
 76758 | Crypt:3  | Identified the +8 longbow "Koewiaz" {vorpal, rCorr Str-4
                  | SInv}
 77383 | Lair:2   | Killed Jafot's ghost
 77809 | Zig:1    | Entered Level 1 of a ziggurat
 77929 | Zig:2    | Entered Level 2 of a ziggurat
 78744 | Zig:3    | Entered Level 3 of a ziggurat
 78747 | Zig:3    | Found the +6 lightning scales {swift, rElec}
 78774 | Zig:3    | Identified the +9 plate armour "Vexa" {Rampage rCorr Slay+2
                  | Stlth-}
 79163 | Zig:4    | Entered Level 4 of a ziggurat
 79979 | Zig:5    | Entered Level 5 of a ziggurat
 80009 | Zig:5    | Noticed a royal mummy
 80020 | Zig:5    | Killed a royal mummy
 80416 | Zig:5    | Reached skill level 1 in Bows
 80416 | Zig:5    | Reached XP level 25. HP: 253/253 MP: 25/25
 80624 | Zig:6    | Entered Level 6 of a ziggurat
 80655 | Zig:6    | Reached skill level 5 in Stealth
 80975 | Zig:7    | Entered Level 7 of a ziggurat
 81021 | Zig:7    | Identified the +4 war axe "Osoraif" {vorpal, Str+5}
 81036 | Zig:7    | Identified the +9 great mace "Orb Guardian's Curse" {flame,
                  | *Slow rF+ rC+}
 81038 | Zig:7    | Identified the +3 mace of Eteaqy {vorpal, rF+ Str+4}
 81181 | Zig:8    | Entered Level 8 of a ziggurat
 81240 | Zig:8    | Reached skill level 5 in Invocations
 81541 | Zig:8    | Identified the +8 rapier "Otunga" {holy, *Slow Will++
                  | Int+6}
 81735 | Zig:9    | Entered Level 9 of a ziggurat
 81773 | Arena    | Entered the Arena
 82249 | Zig:9    | Identified the +6 hunting sling "Mol Giafa" {freeze, rC+
                  | Str+5 Int-3}
 82250 | Zig:9    | Identified the +9 plate armour "Puzxaen" {Dex+2}
 82260 | Zig:9    | Identified the +1 helmet of Noughts and Crosses {Contam rF+
                  | Int+3}
 82262 | Zig:9    | Got the Papyrus of Frigorific Creation
 82475 | Zig:10   | Entered Level 10 of a ziggurat
 82483 | Zig:10   | Noticed an ancient lich
 82491 | Zig:10   | Noticed a dread lich
 82498 | Zig:10   | Received a gift from Okawaru
 82506 | Zig:10   | Killed an ancient lich
 82514 | Zig:10   | Killed a dread lich
 82557 | Zig:10   | Identified the +1 pair of gloves of Divine Creativity {rC-
                  | rN+ Str+4 SInv}
 82560 | Zig:10   | Identified the +1 trident "Laal" {vorpal, Fly}
 82969 | Zig:11   | Entered Level 11 of a ziggurat
 82977 | Zig:11   | Noticed a juggernaut
 82977 | Zig:11   | Noticed a juggernaut
 82978 | Zig:11   | Noticed a juggernaut
 82997 | Zig:11   | Killed a juggernaut
 83006 | Zig:11   | Killed a juggernaut
 83007 | Zig:11   | Reached skill level 27 in Long Blades
 83013 | Zig:11   | Killed a juggernaut
 83046 | Zig:11   | Reached skill level 27 in Fighting
 83421 | Zig:12   | Entered Level 12 of a ziggurat
 83458 | Arena    | Entered the Arena
 83522 | Zig:12   | Identified the +0 chain mail of Snakes and Ladders {Str-5
                  | Int+3 Dex+4}
 83856 | Zig:13   | Entered Level 13 of a ziggurat
 83878 | Zig:13   | Paralysed by accursed screaming for 1 turns
 83896 | Zig:13   | Paralysed by accursed screaming for 2 turns
 83903 | Zig:13   | Paralysed by accursed screaming for 2 turns
 83905 | Zig:13   | HP: 8/257 [red draconian/searing blast (21)]
 83906 | Zig:13   | Killed from afar by a smoke demon

Illustrated notes

Levels and vault maps discovered:
D:1:      lightli_arrival_statue_moat, layout_basic,
          dreamdust_ecumenical_altar_drowned_temple, serial_park_tiny_2,
          minmay_circled_x
D:2:      layout_rooms, serial_glass, glass_columns_b, glass_columns_a,
          minmay_tromino_v7, uniq_robin, uniq_terence
D:3:      layout_rooms, uniq_grinder
D:4:      layout_layer_cave, okawaru_metal_pillars_1_2, minmay_temple_entry_hall
D:5:      layout_basic, gammafunk_temple_overflow_claw
D:6:      nicolae_cairo_tiling_large, layout_basic, serial_shops,
          kennysheep_little_box, palyth_stone_intersect,
          nicolae_concentric_dashed_squares_mild,
          chequers_serial_rivers_small_b, nicolae_wooded_promenade
D:7:      layout_basic
D:8:      layout_loops_corners, mainiacjoe_overflow_alcove_2, uniq_pikel
D:9:      layout_loops_ring, nicolae_ru_sacrificial_ziggurat, kennysheep_boxes
D:10:     layout_gridville
D:11:     layout_stronghold, david_lair_generic, orc_0_dummy, uniq_erolcha,
          uniq_grum, uniq_nergalle
D:12:     layout_gridville
D:13:     layout_rooms, gauntlet_entry_generic, uniq_sonja, uniq_urug
D:14:     kennysheep_kobold_lugonu_temple, layout_rooms, david_vaults_4,
          minmay_fountain_box, grunt_decor_one_mirror, uniq_snorg
D:15:     gammafunk_enter_depths_forms, layout_gridville, chequers_avenue,
          serial_park_tiny_pond
Lair:1:   beast_lair_carwin_large_2, layout_concentric_octagons
Lair:2:   layout_cellular_growth, hellmonk_ghost_happy_afterlife,
          serial_bayou_shore_a, grunt_megastairs_1, serial_bayou_shore_b,
          infiniplex_staircase_pool_2
Lair:3:   layout_long_grid, nicolae_spider_entry_tight_spaces,
          kennysheep_snail_temple
Lair:4:   layout_regular_city, elwin_shoals_entry_rocks,
          nicolae_quartered_pool_little, grunt_megastairs_2
Lair:5:   layout_layer_cave, dpeg_slime_entry_corner, gammafunk_ghost_hive,
          evilmike_ambush [evilmike_ambush_outer_corners,
          evilmike_ambush_inner_basic]
Lair:6:   gammafunk_lair_ancient_temple, layout_misc_corridors, minivault_24
Shoals:1: layout_shoals, serial_shops,
          nicolae_shop_temple_entry_statues_fountains, ldierk_geyser,
          uniq_mlioglotl, uniq_louise, uniq_roxanne
Shoals:2: layout_shoals, nicolae_shoals_nautilus_by_nature,
          nicolae_shoals_dead_sea_scrolls
Shoals:3: layout_shoals, uniq_ilsuiw
Shoals:4: shoals_end_grunt_ice, layout_shoals, uniq_mara
Spider:1: layout_spider_delve
Spider:2: layout_chambers, nicolae_spider_twisty_arc_passages, uniq_aizul
Spider:3: layout_spider_delve
Spider:4: spider_rune_water, beargit_elvish_explorers, uniq_nikola,
          uniq_bai_suzhen
Orc:1:    layout_diamond_mine, serial_shops, nicolae_lakefront_shop,
          trog_butcher_becter
Orc:2:    st_orc_open, layout_diamond_mine, serial_shops, shop,
          nicolae_shop_crystal, nicolae_shop_behind_doors, minmay_orc_temple_c
Elf:1:    nicolae_elf_arrival_fired_up, layout_loops_cross,
          minmay_elf_annihilation
Elf:2:    nicolae_elf_blades_crystal_corner, layout_gridlike,
          einodemon_armed_red_devil_minivault, grunt_megastairs_5
Elf:3:    minmay_elf_hall_spiked, layout_onion_city, serial_shops, bzr_firewalk,
          uniq_asterion
Vaults:1: grunt_vaults_diagonal, nicolae_vaults_border_crossing, v_misc_10,
          v_misc_4, vaults_mumra_lcd, ontoclasm_vaults_eye, vaults_room_pool,
          layout_vaults_big_room, serial_shops, nicolae_square_shop
Vaults:2: hangedman_vaults_pinch, nicolae_vaults_circle_grid_a,
          hangedman_vaults_slither, nicolae_vaults_inception_network,
          nicolae_vaults_arrows, dpeg_vaults_monster_box,
          vaults_standard_mumra_enter_the_diamond, vaults_room_grid,
          nicolae_vaults_hallways_thing, vaults_room_semicircle,
          nicolae_vaults_shelves_hall, layout_vaults_omnibox
Vaults:3: v_misc_22, minmay_crypt_entry_simple_box,
          ontoclasm_vaults_ring_square, vaults_dpeg_cross,
          hangedman_vaults_corner_blocks, nicolae_vaults_network_star,
          hangedman_vaults_cutoff, nicolae_vaults_little_squares_4,
          vaults_dpeg_hooks, hangedman_vaults_capsules, vaults_room_pools,
          nicolae_vaults_little_squares_4, layout_vaults_ring, uniq_sojobo
Vaults:4: vaults_room_fours, v_alt_pattern_3, vaults_room_corners, v_misc_4,
          vaults_room_door_ring, vaults_room_hallway, vaults_dpeg_encased_lava,
          vaults_room_pools, layout_vaults_omnigrid, serial_shops,
          nicolae_shop_waterfront
Vaults:5
Crypt:1:  layout_chaotic_city, grunt_megastairs_3, uniq_boris
Crypt:2:  layout_basic, tombwall_bobbens
Crypt:3:  david_glass_crypt, layout_misc_corridors,
          nicolae_tomb_entry_unfolded_pyramid_diagonal
Depths:1: layout_basic, enter_ziggurat_a, minmay_misc_feat_rows, hell_entry,
          minmay_misc_feat_square, nicolae_qazlal_general_emergency
Depths:2: cheibrodos_hall_of_evolution, layout_basic, rand_demon_pan_entry_4,
          serial_bayou_pond_b, hell_entry, infiniplex_staircase_zigzag_3,
          minmay_shoptagon, serial_bayou_shore_b
Depths:3: kennysheep_windowed_halls, layout_gridlike, abyss_entry, hell_entry,
          corexii_leaking_fountain, grunt_gozag_statues, minmay_shop_grove,
          infiniplex_staircase_spiral_double, uniq_mennas
Depths:4: grunt_crosshair, layout_long_grid, serial_shops, shop, hell_entry,
          grunt_decor_cap, chequers_serial_rivers_small_a,
          nicolae_wu_jian_glorious_leap, grunt_megastairs_4
Zig:13:   ziggurat_pillar_centre_c, ziggurat_pillar_centre_c,
          ziggurat_pillar_centre_c, ziggurat_pillar_centre_c

Skill      XL: |  1  2  3  4  5  6  7  8  9 10 11 12 13 14 15 16 17 18 19 20 21 22 23 24 25 |
---------------+----------------------------------------------------------------------------+-----
Shields        | 4 5 6 7 8 9 11 12 14 16 18 19 21 22 23 25 26 27 | 27.0
Armour         | 4 5 6 8 9 10 12 13 14 15 16 17 18 19 20 21 22 | 22.7
Long Blades    | 3 4 5 6 8 10 11 12 14 15 17 18 19 20 21 22 23 24 26 27 | 27.0
Dodging        | 1 2 3 4 5 6 7 8 9 10 11 | 11.3
Fighting       | 4 5 6 7 9 10 11 12 13 15 16 17 19 20 21 22 24 25 26 27 | 27.0
Stealth        | 1 2 4 5 |  5.0
Invocations    | 1 3 4 6 |  6.9
Evocations     | 1 2 |  2.7
Short Blades   | 1 2 |  2.2
Bows           | 1 |  1.2
Axes           | |  0.5
Maces & Flails | |  0.8
Polearms       | |  0.5
Staves         | |  0.8
Slings         | |  0.4
Crossbows      | |  0.4
Throwing       | |  0.4
Unarmed Combat | |  0.6
Spellcasting   | |  0.3
Conjurations   | |  0.2
Hexes          | |  0.2
Summonings     | |  0.2
Necromancy     | |  0.2
Translocations | |  0.3
Transmutations | |  0.5
Fire Magic     | |  0.3
Ice Magic      | |  0.3
Air Magic      | |  0.2
Earth Magic    | |  0.2
Poison Magic   | |  0.2

Action                   |  1- 3 |  4- 6 |  7- 9 | 10-12 | 13-15 | 16-18 | 19-21 | 22-24 | 25-27 || total
-------------------------+-------+-------+-------+-------+-------+-------+-------+-------+-------++-------
Melee: Long sword        |    81 |   141 |   331 |   642 |    78 |       |       |       |       ||  1273
       Headbutt          |    12 |    25 |    67 |   185 |   392 |   293 |   431 |   422 |    92 ||  1919
       Dagger            |       |       |       |    22 |    26 |       |       |       |       ||    48
       Falchion          |       |       |       |       |   768 |       |       |       |       ||   768
       Double sword      |       |       |       |       |   426 |  1143 |  1328 |  1214 |   294 ||  4405
       Scimitar          |       |       |       |       |     5 |       |       |       |       ||     5
       Demon blade       |       |       |       |       |       |       |       |       |     7 ||     7
Invok: Heroism           |       |       |     6 |    13 |    35 |     6 |    13 |    14 |    11 ||    98
       Finesse           |       |       |       |       |       |       |       |       |     2 ||     2
       Duel              |       |       |       |       |       |       |       |       |     2 ||     2
Evoke: Wand              |       |       |     1 |    20 |     9 |    10 |       |     3 |       ||    43
  Use: Scroll            |     2 |     3 |    11 |     6 |    10 |     7 |     5 |    13 |     4 ||    61
       Potion            |       |       |     3 |     1 |     3 |     3 |     8 |     7 |     9 ||    34
 Stab: Paralysed         |       |       |       |    14 |     1 |       |       |       |       ||    15
       Distracted        |       |       |       |       |       |       |       |     1 |     1 ||     2
Armor: Scale mail        |    68 |     2 |       |       |       |       |       |       |       ||    70
       Chain mail        |       |    73 |   117 |   246 |   475 |   498 |       |       |       ||  1409
       Plate armour      |       |       |       |       |    52 |    85 |   549 |   466 |   226 ||  1378
Dodge: Dodged            |    57 |    52 |    86 |   183 |   490 |   468 |   789 |   634 |   265 ||  3024
Block: Buckler           |    28 |    77 |   167 |   358 |  1014 |   881 |  1203 |  1132 |   380 ||  5240
       Reflection        |       |       |     8 |     9 |    17 |    95 |    50 |    22 |     8 ||   209
